 Dungeon Crawl Stone Soup version 0.30-a0-50-gb2d611f6b1 (webtiles) character file.

Game seed: 3515771512273000960

2335 scionoferis the Carver (level 9, 0/73 HPs)
             Began as a Naga Warper on Sept 3, 2022.
             Hit by a silver boomerang thrown by an orc (3 damage)
             ... on level 7 of the Dungeon.
             The game lasted 00:31:55 (8462 turns).

scionoferis the Carver (Naga Warper)                Turns: 8462, Time: 00:31:56

Health: 0/73       AC:  8    Str: 13    XL:     9   Next: 42%
Magic:  12/12      EV: 11    Int: 15    God:
Gold:   360        SH:  0    Dex: 14    Spells: 10/12 levels left

rFire   + . .      SeeInvis +    a - +1 falchion (venom)
rCold   . . .      Faith    .    (no shield)
rNeg    . . .      Spirit   .    b - +0 leather armour
rPois   +          Reflect  .    (no helmet)
rElec   .          Harm     .    D - +1 cloak
rCorr   .          Rampage  .    (no gloves)
Will    +....                    (no barding)
Stlth   +.........               (no amulet)
HPRegen 0.22/turn                (no ring)
MPRegen 0.13/turn                (no ring)

@: studying Shields, very slow
A: AC +3, large, see invisible, deformed body, poison resistance, slowness 2,
spit poison 2, naga tail 1, iridescent scales 1, deterioration 1, fire
resistance 1, subdued magic 1, inability to drink after injury 1
a: Breathe Poison Gas


You were on level 7 of the Dungeon.
You visited 1 branch of the dungeon, and saw 7 of its levels.
You also visited: Sewer.

You collected 448 gold pieces.
You spent 88 gold pieces at shops.

Inventory:

Hand Weapons
 a - a +1 falchion of venom (weapon)
 i - a +5 dagger
 A - a +0 sling
Missiles
 r - 12 poisoned darts (quivered)
 C - 5 boomerangs
Armour
 b - a +0 leather armour (worn)
 D - a +1 cloak (worn)
Wands
 c - a wand of light (4)
Scrolls
 f - 3 scrolls of magic mapping {unknown}
 g - a scroll of fear {unknown}
 j - a scroll of acquirement {unknown}
 k - 2 scrolls of noise {unknown}
 n - a scroll of butterflies
 o - a scroll of poison
 p - 3 scrolls of immolation {unknown}
 q - a scroll of vulnerability
 t - 2 scrolls of brand weapon
 u - 2 scrolls of enchant weapon
 y - 2 scrolls of amnesia
 z - a scroll of torment
Potions
 h - 2 potions of lignification {unknown}
 l - a potion of cancellation {unknown}
 m - a potion of curing
 w - a potion of brilliance {unknown}
 x - 2 potions of invisibility {unknown}
 B - 2 potions of resistance
 E - a potion of flight {unknown}


   Skills:
 - Level 2.0 Fighting
 * Level 11.3 Long Blades
 - Level 0.8 Throwing
 - Level 0.7 Armour
 + Level 4.5 Dodging
 - Level 2.0 Spellcasting
 - Level 3.0 Translocations


You had 10 spell levels left.
You knew the following spells:

 Your Spells              Type           Power      Damage    Failure   Level
a - Blink                 Tloc           16%        N/A       10%         2

Your spell library contained the following spells:

 Spells                   Type           Power      Damage    Failure   Level
 Gell's Gravitas          Tloc           8%         N/A       21%         3
 Lesser Beckoning         Tloc           8%         N/A       21%         3
 Teleport Other           Tloc           8%         N/A       21%         3
 Sandblast                Erth           2%         2d4       24%         1
 Passwall                 Tmut/Erth      0%         N/A       34%         2
 Stone Arrow              Conj/Erth      2%         3d7       58%         3
 Manifold Assault         Tloc           8%         N/A       90%         5


Dungeon Overview and Level Annotations

Branches:
Dungeon (7/15)              Sewer (visited)
 Temple: D:4-7

Altars:
Ashenzari
Cheibriados
Elyvilon
Okawaru
Xom
Zin

Shops:
D:2 !

Annotations:
D:5 exclusion: 2 doors
D:7 Menkaure, Pikel


Innate Abilities, Weirdness & Mutations

Your serpentine skin is tough. (AC +3)
You have supernaturally acute eyesight. (SInv)
Armour fits poorly on your strangely shaped body.
Your system is resistant to poisons. (rPois)
You cover ground very slowly.
You can exhale a cloud of poison.
You have a snake-like lower body.
You are partially covered in iridescent scales. (AC +2)
Your body sometimes deteriorates upon taking damage.
Your flesh is heat resistant. (rF+)
Your spells are a little easier to cast, but a little less powerful.
You occasionally lose the ability to drink potions when taking damage.


Message History

The silver sears you!
* * * LOW HITPOINT WARNING * * *
You swap places.
You have got your breath back.
You swap places.
Your orc closely misses the orc.
What are your orders? t - Shout!
Orders for allies: a - Attack new target. r - Retreat! s - Stop attacking. g - Guard the area. f - Follow me.
Anything else - Cancel.
Gang up on whom?
Press: ? - help, Dir - move target, f - orc
Aim: an orc, wielding a +0 club and quivering silver boomerangs (ally target)
Okay, then.
Unknown command.
What are your orders? t - Shout!
Orders for allies: a - Attack new target. r - Retreat! s - Stop attacking. g - Guard the area. f - Follow me.
Anything else - Cancel.
Retreat in which direction?
Press: ? - help, Dir - move target, f - you
Okay, then.
Unknown command.
What are your orders? t - Shout!
Orders for allies: a - Attack new target. r - Retreat! s - Stop attacking. g - Guard the area. f - Follow me.
Anything else - Cancel.
Gang up on whom?
Press: ? - help, Dir - move target, f - orc
Aim: an orc, wielding a +0 club and quivering silver boomerangs (ally target) Attack!
The orc throws a silver boomerang.
The silver boomerang closely misses your orc.
The silver boomerang misses your orc wizard.
The silver boomerang hits you.
You die...

#####
#⌠z@####
#.oz.[.#
#zY.oo.#
##..z#o..#
#....#o..#
#...##...#
#...#
....#
#...#
.J..#
#...#
.$.o#


You could see a jelly, an orc (ally target), a friendly sky beast (summoned), 4
friendly wights, a friendly orc wizard (summoned) and 3 friendly orcs.

Vanquished Creatures
  Joseph (D:7)
  Sigmund (D:2)
  A yak (D:7)
  A water moccasin (D:6)
  A black bear (D:5)
  3 ogres
  A kobold brigand (D:5)
  3 bullfrogs
  3 scorpions
  4 wights (D:6)
  2 jellies (D:6)
  4 hounds
  An orc priest (D:4)
  Jessica (D:2)
  An orc wizard (D:4)
  A gnoll (D:7)
  9 adders
  8 river rats (Sewer)
  An ufetubus (D:6)
  9 dart slugs (D:3)
  5 orcs
  12 ball pythons
  3 bats
  2 endoplasms
  3 giant cockroaches
  A goblin (D:4)
  7 hobgoblins
  2 jackals (D:1)
  3 quokkas
  2 frilled lizards
  2 kobolds
  24 rats
122 creatures vanquished.

Vanquished Creatures (collateral kills)
  An ice beast (D:7)
1 creature vanquished.

Vanquished Creatures (others)
  6 plants (D:7)
6 creatures vanquished.

Grand Total: 129 creatures vanquished

Notes
Turn   | Place    | Note
-------+----------+-------------------------------------------
     0 | D:1      | scionoferis the Naga Warper began the quest for the Orb.
     0 | D:1      | Reached XP level 1. HP: 19/19 MP: 3/3
   789 | D:1      | Reached XP level 2. HP: 21/26 MP: 5/5
   792 | D:1      | Learned a level 2 spell: Blink
  1075 | D:2      | Reached skill level 3 in Long Blades
  1111 | D:2      | Found Haruke's Distillery.
  1118 | D:2      | Noticed Jessica
  1127 | D:2      | Killed Jessica
  1128 | D:2      | Reached XP level 3. HP: 21/32 MP: 6/6
  1513 | D:2      | Found a faded altar of an unknown god.
  1560 | D:2      | Noticed Sigmund
  1569 | D:2      | Killed Sigmund
  1570 | D:2      | Reached skill level 5 in Long Blades
  1570 | D:2      | Reached XP level 4. HP: 15/39 MP: 7/7
  1570 | D:2      | Reached XP level 5. HP: 17/45 MP: 8/8
  2005 | D:3      | Reached skill level 6 in Long Blades
  2040 | D:3      | Reached XP level 6. HP: 52/52 MP: 9/9
  2194 | D:3      | Found an iron altar of Okawaru.
  2720 | D:4      | Found a glowing drain.
  2755 | Sewer    | Entered a sewer
  4020 | Sewer    | Reached skill level 7 in Long Blades
  4029 | Sewer    | Gained mutation: You have hidden genetic defects. [potion
                  | of mutation]
  4029 | Sewer    | Gained mutation: Your tail ends in a venomous barb. [potion
                  | of mutation]
  4029 | Sewer    | Gained mutation: You are dopey. (Int -2) [potion of
                  | mutation]
  4029 | Sewer    | Gained mutation: Your flesh is heat resistant. (rF+)
                  | [potion of mutation]
  4051 | Sewer    | Reached XP level 7. HP: 38/60 MP: 8/10
  4065 | Sewer    | Gained mutation: You have terrible hidden genetic defects.
                  | [hidden defects]
  4066 | Sewer    | Lost mutation: You are dopey. (Int -2) [potion of mutation]
  4066 | Sewer    | Lost mutation: Your flesh is heat resistant. (rF+) [potion
                  | of mutation]
  4066 | Sewer    | Lost mutation: Your tail ends in a venomous barb. [potion
                  | of mutation]
  4066 | Sewer    | Gained mutation: You can exhale a cloud of poison. [potion
                  | of mutation]
  4066 | Sewer    | Gained mutation: You expend magic power (3 MP) to
                  | strengthen your wands. [potion of mutation]
  4557 | D:4      | Reached skill level 8 in Long Blades
  4808 | D:4      | Gained mutation: You are weak. (Str -2) [hidden defects]
  4808 | D:4      | Lost mutation: You have terrible hidden genetic defects.
                  | [hidden defects expressed]
  5117 | D:2      | Bought a potion of mutation for 88 gold pieces
  5119 | D:2      | Lost mutation: You are weak. (Str -2) [potion of mutation]
  5119 | D:2      | Lost mutation: You expend magic power (3 MP) to strengthen
                  | your wands. [potion of mutation]
  5119 | D:2      | Gained mutation: You are partially covered in iridescent
                  | scales. (AC +2) [potion of mutation]
  5119 | D:2      | Gained mutation: Your flesh is heat resistant. (rF+)
                  | [potion of mutation]
  5174 | D:5      | Entered Level 5 of the Dungeon
  5577 | D:5      | Found a broken altar of Ashenzari.
  5783 | D:5      | Reached XP level 8. HP: 67/67 MP: 11/11
  5796 | D:5      | Gained mutation: You have terrible hidden genetic defects.
                  | [hidden defects]
  5834 | D:5      | Reached skill level 9 in Long Blades
  6063 | D:5      | Gained mutation: You occasionally lose the ability to drink
                  | potions when taking damage. [hidden defects]
  6063 | D:5      | Lost mutation: You have terrible hidden genetic defects.
                  | [hidden defects expressed]
  6612 | D:6      | Gained mutation: Your body sometimes deteriorates upon
                  | taking damage. [hidden defects]
  6755 | D:6      | Reached skill level 10 in Long Blades
  7932 | D:6      | Gained mutation: Your spells are a little easier to cast,
                  | but a little less powerful. [hidden defects]
  7932 | D:6      | Lost mutation: You have hidden genetic defects. [hidden
                  | defects expressed]
  8309 | D:7      | Found a snail-covered altar of Cheibriados.
  8318 | D:7      | Found a white marble altar of Elyvilon.
  8327 | D:7      | Noticed an angel
  8328 | D:7      | Found a shimmering altar of Xom.
  8330 | D:7      | Found a glowing silver altar of Zin.
  8331 | D:7      | Noticed Joseph
  8335 | D:7      | Noticed a yak
  8337 | D:7      | Noticed a yak
  8342 | D:7      | Noticed Pikel
  8342 | D:7      | Noticed Menkaure
  8362 | D:7      | Reached XP level 9. HP: 14/70 MP: 12/12
  8365 | D:7      | Killed Joseph
  8366 | D:7      | Reached skill level 11 in Long Blades
  8458 | D:7      | HP: 3/73 [orc/silver boomerang (4)]
  8462 | D:7      | Hit by a silver boomerang thrown by an orc

Illustrated notes

Levels and vault maps discovered:
D:1:      wander_arrival_peaceful_grave, layout_basic, minmay_tromino_v7
D:2:      layout_basic, serial_shops, nicolae_shop_statue_plus,
          shapermc_ecumenical_altar_starsandcircs, uniq_sigmund, uniq_jessica
D:3:      kennysheep_slugbush, layout_basic, okawaru_ov_weapons_minmay
D:4:      layout_basic, portal_sewer_entry_f, serial_curves, eino_curves_02,
          eino_curves_01
D:5:      cheibrodos_two_vegetables, layout_loops_ring,
          nicolae_ashenzari_panopticon
D:6:      layout_layer_cave, minmay_misc_feat_tiny
D:7:      kennysheep_spiral_hall, layout_gridville,
          grunt_temple_overflow_order_and_chaos_1, bloody_makhleb,
          pdpol_wu_jian_five_deadly_venoms, grunt_temple_overflow_open,
          minmay_temple_entry_junction, nicolae_grassy_gnolls, uniq_pikel,
          uniq_menkaure, uniq_joseph

Skill      XL: |  1  2  3  4  5  6  7  8  9 |
---------------+----------------------------+-----
Long Blades    | 3 5 6 7 8 10 11 | 11.3
Dodging        | 3 4 |  4.5
Fighting       | |  2.0
Throwing       | |  0.8
Armour         | |  0.7
Spellcasting   | |  2.0
Translocations | |  3.0

Action                   |  1- 3 |  4- 6 |  7- 9 || total
-------------------------+-------+-------+-------++-------
Melee: Falchion          |    42 |   131 |   115 ||   288
       Punch             |       |     2 |     2 ||     4
Throw: Boomerang         |     7 |       |       ||     7
       Dart              |       |    13 |     7 ||    20
 Cast: Blink             |       |     2 |     2 ||     4
 Abil: Spit Poison       |    12 |    46 |       ||    58
       Breathe Poison Ga |       |       |    28 ||    28
Evoke: Wand              |       |       |    16 ||    16
  Use: Potion            |       |     5 |     4 ||     9
       Scroll            |       |     2 |    14 ||    16
 Stab: Paralysed         |       |       |     5 ||     5
       Invisible         |       |       |     1 ||     1
Armor: Leather armour    |    14 |    50 |    33 ||    97
Dodge: Dodged            |    14 |    81 |    37 ||   132

Table legend: (Time is in decaauts)
 A = Elapsed time spent in this place.
 B = Non-inter-level travel time spent in this place.
 C = Inter-level travel time spent in this place.
 D = Time resting spent in this place.
 E = Time spent auto-exploring this place.
 F = Levels seen in this place.
 G = Mean time per level.
                   A        B        C        D        E       F      G
               +--------+--------+--------+--------+--------+-----+--------+
         Total |  10470 |   9826 |    644 |   2724 |   5571 |   8 | 1308.8 |
       Dungeon |   8693 |   8049 |    644 |   1695 |   5236 |   7 | 1241.9 |
         Sewer |   1776 |   1776 |      0 |   1029 |    334 |   1 | 1776.0 |
               +--------+--------+--------+--------+--------+-----+--------+

Top non-repeatable levels by time:
     D:6: 2103 daAuts
   Sewer: 1776 daAuts
     D:5: 1727 daAuts
     D:4: 1359 daAuts
     D:1: 1262 daAuts
     D:2: 1135 daAuts
     D:3: 943 daAuts
     D:7: 162 daAuts
